 Dungeon Crawl Stone Soup version 0.28.0 (webtiles) character file.

Game seed: 12459412753459443381

353 porpoise the Magician (level 6, -4/46 HPs)
             Began as a Djinni Conjurer on Feb 9, 2022.
             Slain by an iguana (13 damage)
             ... on level 4 of the Dungeon.
             The game lasted 00:11:37 (4551 turns).

porpoise the Magician (Djinni Conjurer)             Turns: 4551, Time: 00:11:38

Health: -4/46      AC:  2    Str:  8    XL:     6   Next: 94%
Gold:   176        EV: 12    Int: 20    God:
                   SH:  0    Dex: 11

rFire   + + .      SeeInvis .   b - +0 hunting sling
rCold   x . .      Faith    .   (no shield)
rNeg    . . .      Spirit   .   e - +0 robe
rPois   ∞          Reflect  .   (no helmet)
rElec   .          Harm     .   (no cloak)
rCorr   .          Rampage  .   (no gloves)
Will    .....                   (boots unavailable)
Stlth   ++........              (no amulet)
HPRegen 0.15/turn               (no ring)
MPRegen 0.00/turn               (no ring)

@: flying
A: sickness immunity, fire resistance 2, cold vulnerability 1, float, innate
caster, HP casting, extra vitality 1
a: no special abilities


You were on level 4 of the Dungeon.
You visited 1 branch of the dungeon, and saw 4 of its levels.

You collected 251 gold pieces.
You spent 75 gold pieces at shops.

Inventory:

Hand Weapons
 a - a +1 dagger of draining
 b - a +0 hunting sling (weapon)
Missiles
 c - 9 bolts
 d - 30 arrows
 j - 98 stones (quivered ammo)
Armour
 e - a +0 robe (worn)
Jewellery
 o - an amulet of faith
Scrolls
 f - a scroll of fog
 g - 2 scrolls of magic mapping
 k - a scroll of summoning {unknown}
 n - 2 scrolls of blinking
 r - a scroll of holy word {unknown}
 s - 3 scrolls of teleportation
Potions
 h - a potion of heal wounds
 i - 2 potions of flight
 l - a potion of might
 m - 2 potions of ambrosia
 p - 3 potions of curing
 q - a potion of attraction {unknown}
 t - a potion of mutation {unknown}


   Skills:
 * Level 3.1 Fighting
 - Level 2.1 Dodging
 + Level 3.2 Stealth
 * Level 4.8 Spellcasting


You couldn't memorise any spells.
You knew the following spells:

 Your Spells              Type           Power      Damage    Failure   Level
a - Magic Dart            Conj           96%        1d7       1%          1
b - Searing Ray           Conj           48%        2d6       2%          2
c - Fulminant Prism       Conj/Hex       12%        3d9       16%         4
d - Iskenderun's Mystic   Conj/Tloc      24%        2d7       16%         4
f - Foxfire               Conj/Fire      96%        2x1d8     1%          1
v - Poisonous Vapours     Pois/Air       48%        N/A       2%          2
z - Dazzling Flash        Conj/Hex       48%        N/A       4%          3
Your spell library was empty.

Dungeon Overview and Level Annotations

Branches:
Dungeon (4/15)
 Temple: D:4-7

Altars:
Xom

Shops:
D:2 ?

Annotations:
D:4 Grinder


Innate Abilities, Weirdness & Mutations

You are immune to sickness and miasma.
You are immune to poison.
Your flesh is very heat resistant. (rF++)
You are vulnerable to cold. (rC-)
You float through the air rather than walking.
You learn spells naturally, not from books.
Your magical power is your life essence.
You have superior vitality. (+4 MHP)


Message History

The scorpion stings you! The scorpion completely misses you.
The searing ray hits the scorpion.
The scorpion is almost dead.
The scorpion stings you but does no damage.
The searing ray hits the scorpion!
You kill the scorpion!
You finish channelling your searing ray.
Your Fighting skill increases to level 3!
You start resting.
An iguana comes into view.
An iguana is nearby!
Unknown command.
Casting: Searing Ray (safe; 2% risk of failure)
Confirm with . or Enter, or press ? or * to list all spells.
Aiming: Poisonous Vapours (safe; 2% risk of failure)
Press: ? - help, Dir - move target, f - iguana
Aim: an iguana (wandering, hasn't noticed you) Poisonous vapours surround the iguana!
The iguana is poisoned.
You see here a +0 hunting sling.
Casting: Poisonous Vapours (safe; 2% risk of failure)
Confirm with . or Enter, or press ? or * to list all spells.
Aiming: Poisonous Vapours (safe; 2% risk of failure)
Press: ? - help, Dir - move target, f/p - iguana
Aim: an iguana (lightly wounded, poisoned) Poisonous vapours surround the iguana!
The iguana looks even sicker.
Casting: Poisonous Vapours (safe; 2% risk of failure)
Confirm with . or Enter, or press ? or * to list all spells.
Aiming: Searing Ray (safe; 2% risk of failure)
Press: ? - help, Shift-Dir - straight line, f/p - iguana
Aim: an iguana (moderately wounded, very poisoned, 82% to hit)
The searing ray hits the iguana.
The iguana is severely wounded. (Press . to maintain the ray.)
The iguana bites you!
* * * LOW HITPOINT WARNING * * *
The searing ray hits the iguana but does no damage.
The iguana is severely wounded.
* * * LOW HITPOINT WARNING * * *
The iguana bites you!
You die...

#.......†.....##.#.##.##
#.## #..# # #§##
##.###..# #§§§
#......##.#.##### ##
##.##......... ..
....###.###.######.. ..
#...)# #.# #. ####l# #.#
#. #@# #.# ##### #. #.#
#.####...# ##. #.#
#........###.. #.#
#####......... #.#
##...###.. #.# ##.## ##.
#<# #######. #.# #.....
#.###########.....


You could see an iguana (very poisoned).

Vanquished Creatures
  An ogre (D:4)
  2 scorpions (D:4)
  An orc wizard (D:3)
  8 adders
  A worm (D:2)
  2 dart slugs
  3 orcs
  5 endoplasms
  A giant cockroach (D:3)
  7 goblins
  4 hobgoblins
  4 jackals (D:1)
  A quokka (D:2)
  7 ball pythons
  3 bats
  2 frilled lizards
  7 kobolds
  6 rats
65 creatures vanquished.

Vanquished Creatures (others)
  13 foxfires
13 creatures vanquished.

Grand Total: 78 creatures vanquished

Notes
Turn   | Place    | Note
-------+----------+-------------------------------------------
     0 | D:1      | porpoise the Djinni Conjurer began the quest for the Orb.
     0 | D:1      | Reached XP level 1. HP: 15/15 MP: 0/0
   350 | D:1      | Reached XP level 2. HP: 18/22 MP: 0/0
   741 | D:1      | Reached skill level 1 in Fighting
   741 | D:1      | Reached XP level 3. HP: 10/27 MP: 0/0
   741 | D:1      | Learned a level 1 spell: Foxfire
  1917 | D:2      | Reached XP level 4. HP: 29/32 MP: 0/0
  2374 | D:2      | Found Cooteweg's Magic Scroll Shoppe.
  2379 | D:2      | Bought a scroll of identify for 20 gold pieces
  2379 | D:2      | Bought a scroll of identify for 20 gold pieces
  2379 | D:2      | Bought a scroll of magic mapping for 35 gold pieces
  2585 | D:2      | Found a shimmering altar of Xom.
  2712 | D:2      | Reached skill level 4 in Spellcasting
  2882 | D:3      | Reached XP level 5. HP: 23/38 MP: 0/0
  2882 | D:3      | Learned a level 2 spell: Poisonous Vapours
  3071 | D:3      | Found a faded altar of an unknown god.
  3761 | D:4      | Noticed Grinder
  4067 | D:4      | Noticed an ogre
  4076 | D:4      | Killed an ogre
  4077 | D:4      | Reached XP level 6. HP: 42/45 MP: 0/0
  4551 | D:4      | Slain by an iguana

Illustrated notes

Levels and vault maps discovered:
D:1:      psy_arrival_conway, layout_basic
D:2:      layout_loops_corners, basic_altar, serial_shops, nicolae_shop_crystal
D:3:      layout_basic, shapermc_ecumenical_altar_flowoftime,
          chequers_serial_rivers_micro_b
D:4:      layout_loops_ring, uniq_pikel, uniq_eustachio, uniq_grinder,
          uniq_menkaure

Skill      XL: |  1  2  3  4  5  6 |
---------------+-------------------+-----
Fighting       | 1 2 3 |  3.1
Stealth        | 2 3 |  3.2
Spellcasting   | 4 |  4.8
Dodging        | |  2.1

Action                   |  1- 3 |  4- 6 || total
-------------------------+-------+-------++-------
Melee: Dagger            |     1 |    14 ||    15
 Fire: Hunting sling     |       |     4 ||     4
 Cast: Magic Dart        |    40 |    17 ||    57
       Searing Ray       |     7 |    15 ||    22
       Foxfire           |       |     8 ||     8
       Poisonous Vapours |       |     4 ||     4
  Use: Scroll            |       |     8 ||     8
 Stab: Sleeping          |     1 |     2 ||     3
Armor: Robe              |     1 |     2 ||     3
Dodge: Dodged            |     5 |    12 ||    17
